 Dungeon Crawl Stone Soup version 0.27.1-1-g398f81649c (webtiles) character file.

Game seed: 7514755334920975388

33089 Borgoz the Grappler (level 13, -7/116 HPs)
             Began as a Ghoul Monk on Sept 6, 2021.
             Was the Champion of Okawaru.
             Mangled by an elephant (9 damage)
             ... on level 4 of the Lair of Beasts.
             The game lasted 00:34:04 (14961 turns).

Borgoz the Grappler (Ghoul Monk)                   Turns: 14961, Time: 00:34:04

Health: -7/116     AC: 16    Str: 22    XL:     13   Next: 68%
Magic:  0/12       EV: 25    Int:  5    God:    Okawaru [******]
Gold:   990        SH:  0    Dex: 21    Spells: 12/12 levels left

rFire    + . .     SeeInvis .     - Unarmed
rCold    + + .     Faith    .   (no shield)
rNeg     + + +     Spirit   +   v - +4 steam dragon scales
rPois    ∞         Reflect  .   y - +2 helmet
rElec    .         Harm     .   A - scarf {rC+ rF+}
rCorr    .         Rampage  .   (no gloves)
Will     .....                  (no boots)
Stlth    ++++......             c - amulet "Lihuixasi" {Spirit +Blink Regen+}
HPRegen  0.00/turn              k - +6 ring of dexterity
MPRegen  0.13/turn              i - +6 ring of strength

@: mighty, heroic, inhibited regen
A: claws 1, cold resistance 1, negative energy resistance 3, inhibited
regeneration, torment resistance 2
a: Renounce Religion, Evoke Blink, Heroism, Finesse


You were on level 4 of the Lair of Beasts.
You worshipped Okawaru.
Okawaru was exalted by your worship.
You visited 3 branches of the dungeon, and saw 17 of its levels.
You also visited: Ossuary and Gauntlet.

You collected 990 gold pieces.

Inventory:

Armour
 o - the +1 leather armour of Prudence {rC++ Regen+ rCorr Stlth-}
   (You found it on level 12 of the Dungeon)

   rC:        It greatly protects you from cold.
   Regen:     It increases your rate of health regeneration.
   rCorr:     It protects you from acid and corrosion.
   Stlth:     It makes you less stealthy.
 v - +4 steam dragon scales (worn)
 y - a +2 helmet (worn)
 A - a scarf of resistance (worn)
Jewellery
 c - the amulet "Lihuixasi" (around neck) {Spirit +Blink Regen+}
   (You found it in an ossuary)

   [amulet of guardian spirit]

   It causes incoming damage to be divided between your reserves of health and
   magic.
   +Blink:    It lets you blink.
   Regen:     It increases your rate of health regeneration.
 i - a +6 ring of strength (right claw)
 k - a +6 ring of dexterity (left claw)
 q - an amulet of faith
 t - the ring of Giblias {rElec AC+4 Int+3}
   (You found it in a Gauntlet)

   [ring of protection]

   AC:        It affects your AC (+4).
   Int:       It affects your intelligence (+3).
   rElec:     It insulates you from electricity.
Wands
 a - a wand of paralysis (28)
 f - a wand of flame (50)
 s - a wand of acid (9)
 w - a wand of iceblast (35)
Scrolls
 b - 3 scrolls of amnesia
 d - 6 scrolls of teleportation
 e - 3 scrolls of blinking
 g - 3 scrolls of magic mapping
 j - a scroll of fear
 l - 2 scrolls of identify
 n - a scroll of fog
 B - a scroll of silence
Potions
 h - 3 potions of attraction
 m - a potion of curing
 p - a potion of flight
 r - a potion of resistance
 u - a potion of haste


   Skills:
 + Level 11.0(16.0) Fighting
 * Level 9.9(14.9) Armour
 * Level 12.0(17.0) Dodging
 - Level 2.1(7.1) Stealth
 * Level 13.9(18.9) Unarmed Combat


You had 12 spell levels left.
You didn't know any spells.
Your spell library contained the following spells:

 Spells                   Type           Power      Damage    Failure   Level
 Magic Dart               Conj           0%         1d3       47%         1
 Sandblast                Erth           0%         2d4       47%         1
 Passwall                 Tmut/Erth      0%         N/A       63%         2
 Searing Ray              Conj           0%         3d3       63%         2
 Dazzling Flash           Conj/Hex       0%         N/A       85%         3
 Ozocubu's Armour         Ice            0%         N/A       85%         3
 Fulminant Prism          Conj/Hex       0%         3d6       99%         4
 Iskenderun's Mystic Bla  Conj/Tloc      0%         2d3       99%         4
 Leda's Liquefaction      Hex/Erth       0%         N/A       99%         4
 Bolt of Magma            Conj/Fire/Erth 0%         4d4       100%        5
 Lee's Rapid Deconstruct  Erth           0%         3d5*      100%        5
 Metabolic Englaciation   Hex/Ice        0%         N/A       100%        5
 Simulacrum               Ice/Necr       0%         N/A       100%        6
 Starburst                Conj/Fire      0%         6d3       100%        6
 Statue Form              Tmut/Erth      Unusable   N/A       N/A         6

Dungeon Overview and Level Annotations

Branches:
Dungeon (12/15)            Temple (1/1) D:5            Lair (4/6) D:9
  Snake (0/4) Lair:2          Orc (0/2) D:11        Ossuary (visited)
Gauntlet (visited)
  Swamp: Lair:2-4    Shoals: Lair:2-4

Altars:
Ashenzari
Cheibriados
Dithmenos
Elyvilon
Fedhas
Hepliaklqana
Kikubaaqudgha
Makhleb
Nemelex Xobeh
Okawaru
Trog
Wu Jian
Zin

Shops:
D:4 *

Annotations:
D:8 2 transporters, Sassenached's ghost, novice DsWn
Lair:4 Rupert


Innate Abilities, Weirdness & Mutations

You thrive by killing the living.
You are immune to poison.
You have sharp fingernails.
Your flesh is cold resistant. (rC+)
You are immune to negative energy. (rN+++)
You do not regenerate when monsters are visible.
You are immune to unholy pain and torment.


Message History

You hear a bellow!
You feel very mighty all of a sudden.
You hear a shout!
The elephant tramples you!
* * * LOW HITPOINT WARNING * * *
You stumble backwards!
You feel better. The elephant closely misses you.
The elephant trunk-slaps you but does no damage.
You hear a shout!
You feel better. The elephant misses you.
The elephant trunk-slaps you but does no damage.
You gain the combat prowess of a mighty hero.
The elephant misses you. The elephant completely misses you.
You are too injured to fight recklessly!
You mangle Rupert!! You claw Rupert!!
Rupert is heavily wounded.
You hear a bellow!
Rupert completely misses you. The elephant misses you.
The elephant completely misses you.
You scratch Rupert.
Rupert is heavily wounded.
Rupert completely misses you. The elephant barely misses you.
The elephant completely misses you.
You completely miss Rupert.
Rupert is heavily wounded.
Rupert misses you. The yak completely misses you.
You scratch Rupert but do no damage.
Rupert is heavily wounded.
Rupert hits you with a +5 great mace of draining!!!
* * * LOW HITPOINT WARNING * * *
The elephant completely misses you. The elephant closely misses you.
You claw Rupert!
Rupert is heavily wounded.
The elephant closely misses you. The elephant misses you.
The yak gores you but does no damage. Rupert closely misses you.
You barely miss Rupert. You claw Rupert!
Rupert is heavily wounded.
The elephant misses you. The elephant closely misses you.
Rupert completely misses you. The elephant tramples you!
You die...

.........##....##....
...#.....##....P# ..
....#P####......# .# ##.
...#######.....P#+.###...#
..........................
..........................
.......................(..
...............Y.....(.(..
.#.#P##..####..Y@Y...(P..(
..######## ##..@.Y...(((..
.####..#.###..Y###........
.###......##...##..#......
..##......##...#Y..^....#.
.#.#......###..@..........
..##......##.Y..#.#####.#.
.##.+.##.####..###.# .#
.###.###.# ##........


You could see Rupert (berserk), 2 elephants and 3 yaks.

Vanquished Creatures
  A minotaur (Gauntlet)
  A hell beast (Gauntlet)
  2 hydras
  2 catoblepae
  2 two-headed ogres
  Urug (Lair:4)
  A death drake (Gauntlet)
  Pikel (D:8)
  A deep elf pyromancer (D:10)
  A manticore (D:11)
  2 spectral centaurs (Gauntlet)
  A cyclops (D:12)
  8 elephants
  4 black mambas
  6 cane toads
  An unseen horror (D:10)
  4 torpor snails (Lair:1)
  A spectral redback (Gauntlet)
  6 komodo dragons
  3 rime drakes
  Psyche (D:8)
  2 polar bears
  A troll (D:11)
  A hornet (D:8)
  A meliai zombie (D:10)
  A spriggan (Lair:3)
  A spriggan (shapeshifter) (D:10)
  A water elemental (D:12)
  3 wraiths
  3 basilisks
  2 wyverns
  29 yaks
  A steam dragon (D:8)
  Menkaure (D:6)
  An acid dragon (D:11)
  12 water moccasins
  A hell hound (Gauntlet)
  3 orc warriors
  An ice beast (D:7)
  A black bear (Lair:3)
  A sky beast (D:7)
  3 ogres
  2 necrophages
  13 wolves
  3 centaurs
  2 lemures (D:8)
  A kobold brigand (D:10)
  An elf zombie (Ossuary)
  8 bullfrogs
  A gnoll sergeant (D:7)
  A wyvern skeleton (D:6)
  A water moccasin skeleton (D:3)
  A killer bee (D:9)
  An electric eel (D:12)
  4 howler monkeys
  A bullfrog zombie (D:7)
  2 jellies
  5 centaur zombies
  7 orc priests
  A centaur skeleton (D:3)
  A hound (D:6)
  A bullfrog skeleton (D:6)
  2 iguanas
  14 orc wizards
  2 scorpion zombies (D:5)
  A hound zombie (D:5)
  4 mummies
  2 howler monkey zombies
  A howler monkey skeleton (D:6)
  4 gnolls (D:7)
  9 adders
  A shadow imp (D:8)
  2 white imps
  An adder skeleton (D:4)
  2 worms (D:3)
  4 dart slugs
  30 orcs
  4 endoplasms
  3 giant cockroaches (D:2)
  3 hobgoblins (D:4)
  10 jackals
  3 ball pythons
  4 bats
  2 frilled lizards
  3 gnoll zombies (Ossuary)
  8 goblins
  2 goblin zombies (Ossuary)
  4 hobgoblin zombies (Ossuary)
  7 kobolds
  3 kobold zombies (Ossuary)
  2 orc zombies (D:5)
  4 rats (D:1)
318 creatures vanquished.

Vanquished Creatures (others)
  12 fungi
  34 plants
46 creatures vanquished.

Grand Total: 364 creatures vanquished

Notes
Turn   | Place    | Note
-------+----------+-------------------------------------------
     0 | D:1      | Borgoz the Ghoul Monk began the quest for the Orb.
     0 | D:1      | Reached XP level 1. HP: 19/19 MP: 0/0
   304 | D:1      | Reached XP level 2. HP: 26/26 MP: 1/1
   547 | D:1      | Found a faded altar of an unknown god.
  1298 | D:2      | Reached XP level 3. HP: 29/33 MP: 2/2
  1881 | D:3      | Reached skill level 4 in Unarmed Combat
  1881 | D:3      | Reached XP level 4. HP: 40/40 MP: 3/3
  2042 | D:3      | Reached skill level 1 in Armour
  2119 | D:3      | Reached XP level 5. HP: 23/47 MP: 4/4
  2616 | D:3      | Reached XP level 6. HP: 50/53 MP: 5/5
  3199 | D:4      | Noticed a necrophage
  3211 | D:4      | Killed a necrophage
  3212 | D:4      | Reached skill level 5 in Fighting
  3212 | D:4      | Reached skill level 5 in Unarmed Combat
  3268 | D:4      | Reached XP level 7. HP: 51/61 MP: 6/6
  3410 | D:4      | Found Teupeqib's Lightly-Used Armoury.
  4043 | D:5      | Entered Level 5 of the Dungeon
  4085 | D:5      | Found a staircase to the Ecumenical Temple.
  4105 | Temple   | Entered the Ecumenical Temple
  4127 | Temple   | Became a worshipper of Warmaster Okawaru
  4127 | Temple   | Reached * piety under Okawaru
  4127 | Temple   | Reached ** piety under Okawaru
  4531 | D:5      | Found a sand-covered staircase.
  4544 | Ossuary  | Entered an ossuary
  4544 | Ossuary  | Noticed a wraith
  4544 | Ossuary  | Noticed a wraith
  4544 | Ossuary  | Noticed a wraith
  4579 | Ossuary  | Noticed a wraith
  4598 | Ossuary  | Killed a wraith
  4599 | Ossuary  | Reached XP level 8. HP: 59/70 MP: 7/7
  4617 | Ossuary  | Identified the amulet "Lihuixasi" {Spirit +Blink Regen+}
  4660 | Ossuary  | Reached skill level 5 in Dodging
  4702 | Ossuary  | Reached skill level 6 in Unarmed Combat
  5675 | D:6      | Identified the +7 short sword of Shame {vamp, rC+ Dex+4}
  5797 | D:6      | Noticed Menkaure
  5806 | D:6      | Killed Menkaure
  5807 | D:6      | Reached skill level 7 in Unarmed Combat
  5850 | D:6      | Found a shadowy altar of Dithmenos.
  5857 | D:6      | Found a hazy altar of Hepliaklqana.
  6276 | D:6      | Reached XP level 9. HP: 50/78 MP: 3/8
  7338 | D:7      | Reached skill level 8 in Unarmed Combat
  7612 | D:8      | Reached *** piety under Okawaru
  7617 | D:8      | Noticed Pikel
  7655 | D:8      | Killed Pikel
  7656 | D:8      | Reached skill level 5 in Armour
  7711 | D:8      | Noticed a hornet
  7724 | D:8      | Killed a hornet
  7725 | D:8      | Reached skill level 9 in Unarmed Combat
  7725 | D:8      | Reached XP level 10. HP: 63/86 MP: 6/9
  7874 | D:8      | Noticed Psyche
  7884 | D:8      | Killed Psyche
  8093 | D:8      | Found a burning altar of Makhleb.
  8201 | D:8      | Found a transporter.
  8202 | D:8      | Noticed Sassenached's ghost (novice DsWn)
  8202 | D:8      | Identified the ring "Nautuo" {Ice rElec Int+6 Slay+2}
  8271 | D:9      | Reached **** piety under Okawaru
  8342 | D:9      | Found a staircase to the Lair.
  8870 | D:9      | Noticed a two-headed ogre
  8958 | D:8      | Found a transporter.
  9071 | D:9      | Killed a two-headed ogre
  9140 | D:10     | Entered Level 10 of the Dungeon
  9251 | D:10     | Reached ***** piety under Okawaru
  9252 | D:10     | Reached skill level 10 in Unarmed Combat
  9558 | D:10     | Reached XP level 11. HP: 86/95 MP: 7/10
  9578 | D:10     | Received a gift from Okawaru
  9915 | D:10     | Found a snail-covered altar of Cheibriados.
 10005 | D:11     | Found a staircase to the Orcish Mines.
 10024 | D:11     | Reached skill level 11 in Unarmed Combat
 10125 | D:11     | You fall into a shaft and drop 1 floor!
 10173 | D:12     | Identified the +1 leather armour of Prudence {rC++ Regen+
                  | rCorr Stlth-}
 10218 | D:12     | Noticed a cyclops
 10227 | D:12     | Killed a cyclops
 10265 | D:12     | Noticed a two-headed ogre
 10276 | D:12     | Killed a two-headed ogre
 10491 | D:11     | Noticed a manticore
 10506 | D:11     | Killed a manticore
 10672 | D:11     | Noticed a deep elf pyromancer
 10678 | D:11     | Noticed a storm dragon
 10695 | D:10     | Killed a deep elf pyromancer
 10753 | D:11     | Noticed a fire dragon
 10754 | D:11     | Reached skill level 10 in Dodging
 10760 | D:11     | HP: 1/97 [storm dragon (4)]
 10868 | Lair:1   | Entered Level 1 of the Lair of Beasts
 11071 | Lair:1   | Noticed a six-headed hydra
 11085 | Lair:1   | Killed a six-headed hydra
 11086 | Lair:1   | Reached skill level 12 in Unarmed Combat
 11086 | Lair:1   | Reached XP level 12. HP: 51/105 MP: 5/11
 11190 | Lair:1   | Found a snail-covered altar of Cheibriados.
 11847 | Lair:2   | Received a gift from Okawaru
 11892 | Lair:2   | Reached skill level 10 in Fighting
 12072 | Lair:2   | Found a staircase to the Snake Pit.
 12075 | Lair:2   | Noticed a catoblepas
 12085 | Lair:2   | Killed a catoblepas
 13004 | Lair:3   | Noticed an eight-headed hydra
 13004 | Lair:3   | Found a gate leading to a gauntlet.
 13010 | Lair:3   | Killed an eight-headed hydra
 13010 | Lair:3   | Received a gift from Okawaru
 13010 | Lair:3   | Reached ****** piety under Okawaru
 13054 | Gauntlet | Entered a Gauntlet
 13054 | Gauntlet | Found a transporter.
 13056 | Gauntlet | Noticed a thrashing horror
 13069 | Gauntlet | Found a transporter.
 13086 | Gauntlet | Found a transporter.
 13089 | Gauntlet | Found a transporter.
 13109 | Gauntlet | Found a transporter.
 13121 | Gauntlet | Found a transporter.
 13124 | Gauntlet | Noticed a hell beast
 13125 | Gauntlet | Found a runed translucent door.
 13135 | Gauntlet | Found a transporter.
 13157 | Gauntlet | Found a transporter.
 13159 | Gauntlet | Found a transporter.
 13163 | Gauntlet | Found a runed translucent door.
 13163 | Gauntlet | Found a runed translucent door.
 13165 | Gauntlet | Noticed a death scarab
 13167 | Gauntlet | Found a transporter.
 13169 | Gauntlet | Noticed a death scarab
 13188 | Gauntlet | Found a transporter.
 13195 | Gauntlet | Found a transporter.
 13266 | Gauntlet | Reached skill level 13 in Unarmed Combat
 13297 | Gauntlet | Reached XP level 13. HP: 104/114 MP: 10/12
 13302 | Gauntlet | Identified the ring of Giblias {rElec AC+4 Int+3}
 13360 | Gauntlet | Identified the +1 pair of boots of Jiziep {Fly}
 13363 | Gauntlet | Identified the +7 bardiche "Worm" {vorpal, Int+2 Dex+5}
 13373 | Gauntlet | Noticed a minotaur
 13380 | Gauntlet | Killed a minotaur
 14786 | Lair:4   | Noticed Urug
 14796 | Lair:4   | Killed Urug
 14796 | Lair:4   | Identified the +6 bardiche "Zahuq" {venom, rElec MP-9
                  | Dex+2} (Okawaru gifted it to you on level 4 of the Lair of
                  | Beasts)
 14796 | Lair:4   | Received a gift from Okawaru
 14919 | Lair:4   | Noticed Rupert
 14934 | Lair:4   | Paralysed by Rupert for 4 turns
 14959 | Lair:4   | HP: 2/116 [Rupert (37)]
 14961 | Lair:4   | Mangled by an elephant

Illustrated notes

Levels and vault maps discovered:
D:1:      psy_arrival_terrarium, layout_basic, basic_ecumenical_altar,
          serial_glass, glass_columns_a, glass_columns_a, glass_columns_b,
          glass_columns_a, minmay_pentomino_q4
D:2:      layout_basic
D:3:      layout_basic, supply_closet_lemuel
D:4:      layout_loops_ring, nicolae_overflow_crystal_walls,
          minmay_shop_damaged, minmay_liquid_box, st_stairs_1
D:5:      layout_loops_corners, minmay_temple_entry_water_ring,
          nicolae_ossuary_entry_giza
D:6:      layout_layer_cave, grunt_temple_overflow_diamond, uniq_menkaure
D:7:      layout_basic
D:8:      layout_basic, mainiacjoe_overflow_catwalk,
          gammafunk_ghost_gnarly_gnolls, uniq_psyche, uniq_pikel
D:9:      layout_loops_ring, lair_entry_dummy, st_stairs_7,
          chequers_serial_rivers_micro_e
D:10:     layout_roguey, lemuel_crystal_altar
D:11:     minmay_complete_graph, layout_irregular_city, orc_0_dummy,
          nicolae_trove_entry_diagonal
D:12:     layout_basic, gammafunk_ghost_smash, nicolae_shop_self_help
Temple:   kb_temple_of_zot
Lair:1:   layout_chaotic_city, kennysheep_snail_temple, grunt_megastairs_4
Lair:2:   layout_regular_city, minmay_snake_entry_six_corridors
Lair:3:   layout_chaotic_city, gauntlet_entry_generic, serial_rivers,
          chequers_serial_rivers_small_a, chequers_serial_rivers_small_b,
          chequers_serial_rivers_large_b, chequers_serial_rivers_micro_c,
          chequers_serial_rivers_room_a, chequers_serial_rivers_room_a,
          minivault_11, grunt_forest_stairs_clearing
Lair:4:   layout_regular_city, minmay_swamp_entry_wisps, grunt_megastairs_5,
          lemuel_fruit_tree, uniq_urug, uniq_rupert

Skill      XL: |  1  2  3  4  5  6  7  8  9 10 11 12 13 |
---------------+----------------------------------------+-----
Dodging        | 3 4 6 7 9 10 11 12 | 12.0
Fighting       | 4 5 6 7 8 9 10 11 | 11.0
Unarmed Combat | 4 5 7 9 10 12 13 | 13.9
Armour         | 1 2 3 4 5 6 7 8 9 |  9.9
Stealth        | |  2.1

Action                   |  1- 3 |  4- 6 |  7- 9 | 10-12 | 13-15 || total
-------------------------+-------+-------+-------+-------+-------++-------
Melee: Unarmed           |    83 |   145 |   387 |   569 |   236 ||  1420
       Punch             |       |     2 |    17 |    54 |    26 ||    99
Invok: Heroism           |       |       |    10 |    20 |    10 ||    40
Evoke: Wand              |       |       |       |     5 |     1 ||     6
  Use: Potion            |       |     2 |     1 |     4 |     6 ||    13
       Scroll            |       |       |    16 |    12 |       ||    28
 Stab: Sleeping          |     5 |     2 |     1 |     4 |     3 ||    15
       Petrifying        |       |       |       |     1 |       ||     1
       Petrified         |       |       |       |     1 |       ||     1
Armor: Robe              |     9 |       |       |       |       ||     9
       Ring mail         |     8 |    20 |    54 |       |       ||    82
       Leather armour    |       |    28 |    20 |    30 |       ||    78
       Steam dragon scal |       |       |     3 |   128 |    86 ||   217
Dodge: Dodged            |    48 |    55 |   246 |   503 |   301 ||  1153
